 Dungeon Crawl Stone Soup version 0.31-a0-1499-ge0622b2318 (webtiles) character file.

Game seed: 3080828957965127064

61928 croobank the Spry (level 14, -16/80 HPs)
             Began as a Felid Summoner on Dec 30, 2023.
             Was an Initiate of Gozag.
             Killed from afar by a wretched star (29 damage)
             ... with a lance of force
             ... while paralysed
             ... on level 3 of the Abyss.
             The game lasted 01:51:16 (29016 turns).

croobank the Spry (Felid Summoner)                 Turns: 29016, Time: 01:51:16

Health: -16/80     AC:  3    Str:  0    XL:     14   Next: 62%
Magic:  1/30       EV:  4    Int: 22    God:    Gozag
Gold:   4785       SH:  0    Dex: 19    Spells: 16/35 levels left
                                        Lives:  0   Deaths: 4

rFire   . . .        (weapon unavailable)
rCold   + . .        (shield unavailable)
rNeg    + . .        (body armour unavailable)
rPois   .            (helmet unavailable)
rElec   .            (cloak unavailable)
rCorr   .            (gloves unavailable)
SInv    +            (boots unavailable)
Will    ++...        c - amulet of reflection
Stlth   +++          B - ring of positive energy
HPRegen 0.00/turn    E - ring of flight
MPRegen 0.22/turn

%: reflection
@: paralysed, flying, inhibited regen, slowed, lost strength
A: very small, claws 1, fangs 3, see invisible, shaggy fur 3, stealthy paws, no
weapons or thrown items, no armour, multi-lived, devolution 1, [weak 2],
[subdued magic 2], [inability to drink after injury 1]
a: Renounce Religion, Potion Petition, Call Merchant, Bribe Branch


You were on level 3 of the Abyss.
You worshipped Gozag.
Gozag was most pleased with you.
You visited 3 branches of the dungeon, and saw 19 of its levels.
You visited the Abyss 1 time.
You also visited: Bailey.

You collected 5796 gold pieces.
You spent 617 gold pieces at shops.
You paid 394 gold pieces to Gozag.

Inventory:

Jewellery
 c - an amulet of reflection (around neck)
 B - a ring of positive energy (left paw)
 E - a ring of flight (right paw)
Talismans
 p - a serpent talisman
 y - a flux talisman
 C - a blade talisman
Wands
 h - a wand of flame (36)
 w - a wand of light (19)
 x - a wand of iceblast (15)
 A - a wand of digging (12)
 J - a wand of polymorph (7)
 K - a wand of paralysis (5)
Scrolls
 b - 3 scrolls of poison
 i - 5 scrolls of immolation
 m - a scroll of amnesia
 o - 8 scrolls of identify
 q - a scroll of fear
 r - 5 scrolls of teleportation
 u - 3 scrolls of vulnerability
 v - 4 scrolls of noise
 G - 4 scrolls of revelation
 L - a scroll of silence
 M - a scroll of fog
 N - a scroll of torment
Potions
 d - 9 potions of curing
 e - a potion of berserk rage
 f - 12 potions of enlightenment
 k - 2 potions of magic
 l - 9 potions of mutation
 n - 6 potions of lignification
 s - 3 potions of cancellation
 t - 3 potions of brilliance
 D - a potion of ambrosia
 F - 2 potions of resistance
 H - a potion of invisibility
 I - a potion of haste
Miscellaneous
 a - a phantom mirror


   Skills:
 + Level 12.1 Fighting
 + Level 15.8 Dodging
 + Level 5.7 Stealth
 + Level 11.4 Spellcasting
 - Level 6.1 Hexes
 - Level 12.0 Summonings
 - Level 5.0 Translocations
 - Level 5.0 Fire Magic
 - Level 7.0 Air Magic


You had 16 spell levels left.
You knew the following spells:

 Your Spells              Type           Power      Damage    Failure   Level
a - Summon Small Mammal   Summ           100%       N/A       0%          1
b - Call Imp              Summ           80%        N/A       0%          2
c - Call Canine Familiar  Summ           40%        N/A       1%          3
d - Summon Blazeheart Go  Fire/Summ      31%        N/A       1%          4
e - Summon Lightning Spi  Summ/Air       34%        N/A       1%          4
B - Blink                 Tloc           42%        N/A       1%          2
T - Tukima's Dance        Hex            24%        N/A       1%          3

Your spell library contained the following spells:

 Spells                   Type           Power      Damage    Failure   Level
 Ensorcelled Hibernation  Hex/Ice        32%        N/A       1%          2
 Lesser Beckoning         Tloc           42%        N/A       1%          2
 Mercury Vapours          Alch/Air       34%        N/A       1%          2
 Momentum Strike          Conj/Tloc      28%        3d8       1%          2
 Confusing Touch          Hex            24%        N/A       1%          3
 Summon Ice Beast         Ice/Summ       24%        N/A       1%          3
 Swiftness                Air            27%        N/A       1%          3
 Kiss of Death            Conj/Necr      28%        2d7       3%          1
 Sandblast                Erth           14%        2d6       3%          1
 Mephitic Cloud           Conj/Alch/Air  14%        N/A       3%          3
 Sublimation of Blood     Necr           7%         N/A       4%          2
 Hailstorm                Conj/Ice       7%         3d5       11%         3
 Passwall                 Erth           7%         N/A       11%         3
 Stone Arrow              Conj/Erth      14%        3d7       11%         3
 Iskenderun's Mystic Bla  Conj/Tloc      14%        2d5       13%         4
 Brom's Barrelling Bould  Conj/Erth      7%         2d3       36%         4
 Dispel Undead            Necr           7%         3d8       36%         4
 Leda's Liquefaction      Alch/Erth      3%         N/A       36%         4
 Petrify                  Alch/Erth      7%         N/A       36%         4
 Freezing Cloud           Conj/Ice/Air   7%         6-21      41%         5
 Alistair's Intoxication  Alch           4%         N/A       75%         5
 Borgnjor's Vile Clutch   Necr/Erth      3%         N/A       75%         5
 Irradiate                Conj/Alch      3%         3d12      75%         5
 Lee's Rapid Deconstruct  Erth           3%         3d5*      75%         5
 Bombard                  Conj/Erth      3%         9d1       100%        6
 Eringya's Noxious Bog    Alch           3%         4d6       100%        6
 Ozocubu's Refrigeration  Ice            3%         4d8       100%        7
 Lehudib's Crystal Spear  Conj/Erth      3%         10d3      100%        8
 Polar Vortex             Ice            3%         N/A       100%        9
 Animate Armour           Summ/Erth      Unusable   N/A       N/A         4
 Dimensional Bullseye     Hex/Tloc       Unusable   N/A       N/A         4
 Sculpt Simulacrum        Ice/Alch       Unusable   N/A       N/A         6

Dungeon Overview and Level Annotations

Branches:
Dungeon (13/15)            Temple (1/1) D:6            Lair (5/5) D:9
 Shoals (0/4) Lair:2        Snake (0/4) Lair:3        Slime (0/5) Lair:4
    Orc (0/2) D:11         Bailey (visited)
 Vaults: D:13-14

Altars:
Ashenzari
Cheibriados
Dithmenos
Elyvilon
Fedhas
Gozag
Hepliaklqana
Kikubaaqudgha
Makhleb
Nemelex Xobeh
Okawaru
Qazlal
Ru
Sif Muna
Trog
Uskayaw
Vehumet
Wu Jian
Xom
Yredelemnul
Zin
The Shining One
Jiyva

Shops:
D:2 [   D:6 *   D:7 *==?*   D:12 ?

Annotations:
D:13 Erolcha


Innate Abilities, Weirdness & Mutations

You have sharp claws.
You have razor-sharp teeth.
You have supernaturally acute eyesight. (SInv)
Your thick and shaggy fur keeps you warm. (AC +3, rC+)
Your paws help you pounce on unaware monsters.
You are incapable of wielding weapons or throwing items.
You cannot wear armour.
You gain extra lives every three experience levels.
You have hidden genetic defects.
[You are very weak. (Str -4)]
[Your spells are easier to cast, but less powerful.]
[You occasionally lose the ability to drink potions when taking damage.]


Message History

You kill the tentacled monstrosity!
The bolt of light hits the apocalypse crab!
The apocalypse crab is lightly wounded.
The apocalypse crab is blinded.
You feel the corruption within you wane somewhat.
You lose the ability to drink potions when taking damage less often.
Your blazeheart golem's core grows cold and it stops moving.
The apocalypse crab bites something but does no damage.
The apocalypse crab claws something but does no damage.
Casting: Summon Blazeheart Golem (mildly dangerous; 1% risk of failure)
Confirm with . or Enter, or press ? or * to list all spells.
An electric hum fills the air.
Your lightning spire cannot move out of your way!
The neqoxec gestures at you. Something gnaws heavily on your mind!
You feel your power leaking away.
Your lightning spire shoots out a bolt of lightning at the neqoxec!
The bolt of electricity hits the neqoxec!
The abyssal matter surrounding you shimmers strangely.
You detect the abyssal rune!
The neqoxec gestures at you.
Strange energies course through your body.
You feel a hidden malignance growing inside you.
The wretched star pulses with an eldritch light!
You feel weaker. x2
You have lost your strength.
Your lightning spire shoots out a bolt of lightning at the neqoxec!
The bolt of electricity hits the neqoxec!
The wretched star glows turbulently.
The lance of force hits you!!
* * * LOW HITPOINT WARNING * * *
You are knocked back by the lance of force.
You slam into the rock wall!
* * * LOW HITPOINT WARNING * * *
Your lightning spire shoots out a bolt of lightning at the neqoxec!
The bolt of electricity hits the neqoxec!
The wretched star glows turbulently.
The lance of force hits you!!
You die...
Your body crumbles into a pile of gold.

.โ‰ˆโ‰ˆโ‰ˆ#.ยง
.........
.........
.........
...R...8#
#...x...#
......#.#
........#
....*..@#
###.###.# ..
... . .#.##
..#.. .# .#.
.# . # #. #


You could see a wretched star, a rakshasa, a small abomination and a friendly
lightning spire (summoned).

Vanquished Creatures
  A tentacled monstrosity (Abyss:3)
  An acid blob (Abyss:3)
  3 hydras
  2 two-headed ogres
  2 boulder beetles (Lair:5)
  2 death yaks (Lair:4)
  2 skeletal warriors (D:11)
  3 ugly things
  A manticore (D:12)
  An elephant (D:9)
  A black mamba (Lair:1)
  2 gargoyles
  2 komodo dragons
  3 cane toads (Lair:1)
  A rime drake (Lair:2)
  2 freezing wraiths (D:13)
  A burning bush (Lair:2)
  2 trolls
  5 polar bears
  A snapping turtle (Lair:2)
  2 slime creatures (D:12)
  2 wraiths
  2 basilisks
  10 yaks
  3 wargs (Lair:5)
  An acid dragon (D:11)
  2 water moccasins
  Duvessa (D:6)
  A black bear (D:9)
  A sky beast (D:8)
  4 orc warriors
  A wolf (Lair:5)
  6 starcursed masses (Abyss:3)
  A kobold brigand (D:8)
  A bullfrog (D:8)
  A small abomination (Abyss:3)
  4 electric eels
  A howler monkey (D:11)
  A hound (D:5)
  A quasit (Abyss:2)
  An iguana (D:6)
  An orc wizard (D:10)
  2 ogre zombies (D:11)
  An adder (D:6)
  A gnoll (D:11)
  2 orcs
  A bat (D:2)
  An endoplasm (D:1)
  A hobgoblin (D:1)
  A kobold (D:1)
  3 quokkas
  A butterfly (Lair:2)
100 creatures vanquished.

Vanquished Creatures (collateral kills)
  A hydra (Lair:5)
  2 boulder beetles
  An ice dragon (Lair:5)
  A death knight (D:13)
  A hell hog (Lair:5)
  A centaur warrior (D:13)
  3 death yaks (Lair:4)
  2 skysharks
  3 skeletal warriors (D:11)
  An arcanist (D:13)
  A swamp dragon (Lair:5)
  A lindwurm (Lair:3)
  3 manticores
  A salamander (Lair:3)
  Maurice (D:12)
  A black mamba (Lair:5)
  3 gargoyles
  A large abomination (Abyss:2)
  7 cane toads
  6 rime drakes
  3 komodo dragons
  A kobold demonologist (D:11)
  A freezing wraith (D:13)
  3 trolls
  7 polar bears
  5 dream sheep (Lair:4)
  3 raiju (Lair:5)
  14 blink frogs
  3 wyverns
  7 slime creatures (D:12)
  A shadow (D:12)
  Eustachio (D:6)
  A water elemental (Lair:2)
  3 wraiths
  17 yaks
  A warg (Lair:5)
  3 fire bats (Abyss:3)
  A chaos spawn (Abyss:3)
  6 basilisks
  A steam dragon (D:9)
  A neqoxec (Abyss:3)
  3 acid dragons
  10 water moccasins
  14 hell hounds (Lair:5)
  2 swamp drakes (Lair:5)
  12 black bears
  9 orc warriors
  4 ice beasts
  16 wolves
  3 ogres
  A small abomination (Abyss:2)
  3 starcursed masses (Abyss:3)
  4 centaurs
  4 phantoms
  2 kobold brigands (D:9)
  3 scorpions
  12 bullfrogs
  3 gnoll sergeants
  7 wights
  A troll zombie (D:11)
  Dowan (D:6)
  5 howler monkeys
  2 bombardier beetles
  4 lava snakes (Lair:3)
  2 jellies
  A gnoll bouda (D:7)
  3 hounds
  6 orc priests
  An iron imp (Abyss:2)
  6 iguanas
  4 sleepcaps
  Terence (D:2)
  8 orc wizards
  5 hell rats (Lair:1)
  4 ogre zombies (D:11)
  An adder (D:3)
  14 gnolls
  3 ribbon worms
  2 white imps
  4 ufetubi
  39 orcs
  6 ball pythons
  4 bats
  7 endoplasms
  A giant cockroach (D:1)
  11 goblins
  7 hobgoblins
  3 jackals (D:3)
  24 kobolds
  A nameless horror (D:3)
  2 quokkas
  5 frilled lizards
  A gnoll skeleton (D:11)
  3 gnoll zombies (D:11)
  2 orc skeletons (D:11)
  15 orc zombies (D:11)
  4 rats
449 creatures vanquished.

Vanquished Creatures (others)
  A wolf (Lair:5)
  An orc (D:11)
  64 blazeheart cores
66 creatures vanquished.

Grand Total: 615 creatures vanquished

Notes
Turn   | Place    | Note
-------+----------+-------------------------------------------
     0 | D:1      | croobank the Felid Summoner began the quest for the Orb.
     0 | D:1      | Reached XP level 1. HP: 9/9 MP: 4/4
    91 | D:1      | Reached skill level 3 in Dodging
   204 | D:1      | Reached XP level 2. HP: 13/13 MP: 3/6
   207 | D:1      | Learned a level 2 spell: Call Imp
   950 | D:1      | Reached XP level 3. HP: 12/16 MP: 2/7
   999 | D:1      | Learned a level 3 spell: Call Canine Familiar
  1511 | D:2      | Found Ytwoaprit's Armour Shoppe.
  1574 | D:2      | Noticed Terence
  1591 | D:2      | Killed Terence
  1592 | D:2      | Reached XP level 4. HP: 21/21 MP: 2/8
  1592 | D:2      | Gained a life (2 lives remaining)
  2116 | D:3      | Reached skill level 4 in Dodging
  2170 | D:3      | Found a faded altar of an unknown god.
  2260 | D:3      | Found a glowing silver altar of Zin.
  2384 | D:3      | Reached XP level 5. HP: 24/24 MP: 7/10
  3459 | D:4      | Found a stormy altar of Qazlal.
  3489 | D:4      | Reached skill level 1 in Fighting
  3623 | D:4      | Reached skill level 5 in Stealth
  3623 | D:4      | Reached skill level 5 in Summonings
  3623 | D:4      | Gained mutation: You are covered in thick fur. (AC +2)
                  | [Felid growth]
  3623 | D:4      | Reached XP level 6. HP: 21/30 MP: 4/12
  3784 | D:4      | Learned a level 4 spell: Summon Blazeheart Golem
  4290 | D:5      | Entered Level 5 of the Dungeon
  4413 | D:5      | Found a radiant altar of Vehumet.
  4535 | D:5      | Reached skill level 5 in Dodging
  4535 | D:5      | Reached skill level 1 in Fire Magic
  4602 | D:5      | Noticed an ice beast
  4614 | D:5      | Killed an ice beast
  4615 | D:5      | Reached XP level 7. HP: 23/35 MP: 5/13
  5328 | D:5      | Found a blossoming altar of Fedhas.
  5334 | D:5      | Learned a level 4 spell: Summon Lightning Spire
  5630 | D:6      | Reached skill level 1 in Air Magic
  5631 | D:6      | Reached skill level 6 in Dodging
  5725 | D:6      | You fall into a shaft and drop 2 floors!
  5729 | D:7      | Found Zaomun's Assorted Antiques.
  5737 | D:7      | Bought a scroll labelled GOHERUEDGH for 29 gold pieces
  5809 | D:7      | Reached XP level 8. HP: 40/40 MP: 12/15
  5948 | D:7      | Found Poust's Jewellery Boutique.
  6203 | D:7      | Found a flagged portal.
  6237 | Bailey   | Entered a bailey
  6365 | Bailey   | Identified the +6 dagger "Cerheopp" {flame, rElec Str+4}
  6425 | Bailey   | HP: 1/42 [orc warrior/+0 broad axe (16)]
  6426 | Bailey   | Killed by miscasting Summon Lightning Spire
  6426 | Bailey   | Lost a life (1 life remaining)
  6644 | Bailey   | Reached skill level 7 in Dodging
  6644 | Bailey   | Reached skill level 5 in Spellcasting
  6674 | Bailey   | Reached XP level 9. HP: 45/45 MP: 7/17
  6674 | Bailey   | Gained a life (2 lives remaining)
  7177 | D:6      | Found Nyafumuj's Assorted Antiques.
  7188 | D:6      | Bought a scroll labelled JEPSETZ CIDIKO for 25 gold pieces
  7188 | D:6      | Bought a scroll labelled OTZEIM VIOC for 25 gold pieces
  7188 | D:6      | Bought a tapered lead wand for 100 gold pieces
  7398 | D:6      | Found a hazy altar of Hepliaklqana.
  7476 | D:6      | Noticed Dowan
  7482 | D:6      | Noticed Duvessa
  7486 | D:6      | Killed Dowan
  7493 | D:6      | Killed Duvessa
  7595 | D:6      | Found a staircase to the Ecumenical Temple.
  7602 | D:6      | Reached skill level 5 in Fighting
  7618 | Temple   | Entered the Ecumenical Temple
  7623 | Temple   | Became a worshipper of Gozag Ym Sagoz the Greedy
  7709 | D:6      | Noticed Eustachio
  7731 | D:6      | Killed Eustachio
  7732 | D:6      | Reached skill level 8 in Dodging
  7837 | D:6      | Found a glowing golden altar of the Shining One.
  8095 | D:7      | Found Gycy's Assorted Antiques.
  8134 | D:7      | Bought a scroll of identify for 72 gold pieces
  8134 | D:7      | Bought a scroll labelled UTIGOK TEJIATS for 36 gold pieces
  8134 | D:7      | Bought a scroll labelled KYEHUR GA SAO for 36 gold pieces
  8398 | D:7      | Found Wioson's Jewellery Emporium.
  8475 | D:7      | Found Pocw's Magic Scroll Shoppe.
  8484 | D:7      | Bought a scroll of teleportation for 45 gold pieces
  8484 | D:7      | Bought a scroll of immolation for 60 gold pieces
  9183 | D:8      | Noticed a two-headed ogre
  9194 | D:8      | Killed a two-headed ogre
  9195 | D:8      | Reached XP level 10. HP: 53/53 MP: 15/20
 10142 | D:9      | Found a staircase to the Lair.
 10142 | D:9      | Noticed an elephant
 10149 | D:9      | Killed an elephant
 10150 | D:9      | Reached skill level 9 in Dodging
 10150 | D:9      | Reached skill level 5 in Fire Magic
 10523 | D:9      | Reached skill level 5 in Air Magic
 11192 | D:10     | Entered Level 10 of the Dungeon
 11545 | D:10     | Reached XP level 11. HP: 58/58 MP: 10/22
 11556 | D:10     | Reached skill level 10 in Dodging
 11786 | D:10     | Found a broken altar of Ashenzari.
 12430 | D:11     | Noticed a skeletal warrior
 12430 | D:11     | Noticed a skeletal warrior
 12798 | D:11     | Noticed a skeletal warrior
 12806 | D:11     | Noticed a skeletal warrior
 12808 | D:11     | Killed a skeletal warrior
 12809 | D:11     | Noticed a skeletal warrior
 12828 | D:11     | Mangled by a skeletal warrior
 12828 | D:11     | Lost a life (1 life remaining)
 12948 | D:11     | Noticed a sixfirhy
 13011 | D:11     | Killed a skeletal warrior
 13155 | Lair:1   | Entered Level 1 of the Lair of Beasts
 13537 | Lair:1   | Reached skill level 11 in Dodging
 14351 | Lair:2   | Noticed a skyshark
 14379 | Lair:2   | Killed a skyshark
 14383 | Lair:2   | Gained mutation: Your thick and shaggy fur keeps you warm.
                  | (AC +3, rC+) [Felid growth]
 14383 | Lair:2   | Reached XP level 12. HP: 47/65 MP: 8/25
 14383 | Lair:2   | Gained a life (2 lives remaining)
 14667 | Lair:2   | Noticed a four-headed hydra
 14675 | Lair:2   | Killed a four-headed hydra
 14939 | Lair:2   | Learned a level 2 spell: Blink
 15034 | Lair:2   | Found a staircase to the Shoals.
 15810 | Lair:2   | Reached skill level 10 in Summonings
 16012 | Lair:3   | Found a staircase to the Snake Pit.
 16033 | Lair:3   | Reached skill level 12 in Dodging
 17197 | Lair:4   | Found the +3 warlock's mirror {omnireflect}
 17253 | Lair:4   | Reached skill level 1 in Translocations
 17487 | Lair:4   | Noticed a death yak
 17487 | Lair:4   | Noticed a death yak
 17495 | Lair:4   | Noticed a death yak
 17495 | Lair:4   | Noticed a death yak
 17497 | Lair:4   | Noticed a death yak
 17511 | Lair:4   | Killed a death yak
 17516 | Lair:4   | Killed a death yak
 17520 | Lair:4   | Killed a death yak
 17524 | Lair:4   | Killed a death yak
 17524 | Lair:4   | Killed a death yak
 17525 | Lair:4   | Reached skill level 13 in Dodging
 17525 | Lair:4   | Reached skill level 5 in Translocations
 17663 | Lair:4   | Found a viscous altar of Jiyva.
 17663 | Lair:4   | Found a staircase to the Slime Pits.
 17750 | Lair:4   | Noticed a five-headed hydra
 17759 | Lair:4   | Killed a five-headed hydra
 17838 | Lair:4   | Reached XP level 13. HP: 72/72 MP: 7/27
 18485 | Lair:5   | Entered Level 5 of the Lair of Beasts
 19048 | Lair:5   | Reached skill level 10 in Fighting
 20335 | Lair:5   | Reached skill level 10 in Spellcasting
 20629 | Lair:5   | Reached skill level 14 in Dodging
 21605 | Lair:5   | HP: 3/73 [hell hog/fireball (26)]
 23761 | D:10     | Learned a level 3 spell: Tukima's Dance
 23967 | D:11     | Reached XP level 14. HP: 79/79 MP: 9/29
 24925 | D:11     | Found a staircase to the Orcish Mines.
 25135 | D:11     | Reached skill level 5 in Hexes
 25994 | D:12     | Found Toiramat's Magic Scroll Shoppe.
 25998 | D:12     | Bought a scroll of silence for 133 gold pieces
 25998 | D:12     | Bought a scroll of fog for 56 gold pieces
 26392 | D:12     | Noticed Maurice
 26403 | D:12     | Killed Maurice
 26404 | D:12     | Reached skill level 15 in Dodging
 28388 | D:13     | Noticed Erolcha
 28415 | Abyss:2  | Cast into level 2 of the Abyss (Erolcha)
 28615 | Abyss:2  | Noticed a lich
 28627 | Abyss:2  | Noticed a balrug
 28633 | Abyss:2  | Collided with a harpy zombie
 28633 | Abyss:2  | Lost a life (1 life remaining)
 28749 | Abyss:3  | Noticed a purple very ugly thing
 28751 | Abyss:3  | Noticed a purple very ugly thing
 28775 | Abyss:3  | Killed from afar by a blizzard demon
 28775 | Abyss:3  | Lost a life (0 lives remaining)
 28842 | Abyss:3  | Noticed an acid blob
 28858 | Abyss:3  | Killed an acid blob
 28970 | Abyss:3  | Noticed a tentacled monstrosity
 28996 | Abyss:3  | Killed a tentacled monstrosity
 29013 | Abyss:3  | Gained mutation: You have hidden genetic defects. [a
                  | neqoxec]
 29014 | Abyss:3  | Lost strength.
 29016 | Abyss:3  | Killed from afar by a wretched star

Illustrated notes

Levels and vault maps discovered:
D:1:      ebering_hopf_link, layout_basic, minmay_unequal
D:2:      layout_basic, serial_shops, nicolae_shop_stone,
          hangedman_feature_mirror, uniq_terence
D:3:      layout_loops_ring, mainiacjoe_overflow_chevrons,
          ebering_ecumenical_altar_sacrificial, minmay_misc_feat_x,
          minmay_misc_feat_rugged, moated_statue
D:4:      nicolae_cairo_tiling, layout_basic, overflow_temple_1_default,
          chequers_serial_rivers_small_b
D:5:      layout_basic, fedhas_altar_decomposition, vehumet_crystals,
          kennysheep_minor_cross
D:6:      layout_rooms, tso_altar, general_overflow_altar,
          minmay_temple_entry_ruins, serial_rivers,
          chequers_serial_rivers_micro_a, chequers_serial_rivers_micro_d,
          chequers_serial_rivers_micro_b, chequers_serial_rivers_micro_d,
          chequers_serial_rivers_micro_e, chequers_serial_rivers_room_b,
          serial_shops, shop, uniq_duvessa, uniq_eustachio
D:7:      layout_cave_pods, serial_shops, shop, shop, nicolae_lakefront_shop,
          shop_statue, nicolae_shop_waterfront, enter_bailey_4
D:8:      layout_basic, kennysheep_generic_room_14
D:9:      layout_loops_cross, david_lair_generic, minmay_starry_boxes
D:10:     layout_cross, mainiacjoe_overflow_concentric_impassable
D:11:     layout_roguey, zombieorc2_lemuel, kennysheep_dice
D:12:     layout_grid_maze, serial_shops, nicolae_shop_rolling_square,
          uniq_maurice
D:13:     layout_basic, uniq_erolcha
Temple:   minmay_freezing_vapour_temple
Lair:1:   layout_chaotic_city, nicolae_lair_lil_pond, grunt_megastairs_5
Lair:2:   layout_roguey, minmay_shoals_entry_hut, evilmike_ambush
          [evilmike_ambush_outer_corners, evilmike_ambush_inner_basic],
          serial_bayou_shore_b, lemuel_fruit_fields, serial_bayou_shore_b
Lair:3:   layout_hall_layers, nicolae_snake_entry_warm_welcome,
          serial_bayou_shore_b
Lair:4:   layout_regular_city, dpeg_slime_entry_corner,
          chequers_serial_rivers_small_a
Lair:5:   hangedman_lair_caniforms_friends, layout_gridlike,
          guppyfry_lair_end_dragon
Abyss:3:  base: D:10, grunt_abyss_exit_deep_breaths,
          nicolae_abyss_rune_left_handed, serial_sigils_hangedman_snap,
          serial_sigils_hangedman_snap, hangedman_abyss_or_decor_lesser_grid,
          minivault_28, hangedman_eye_storm,
          grunt_abyss_rune_forest_and_sorcery, minivault_22,
          spicy_abyss_pitcher_plant, evilmike_abyss_rune_ettins,
          hangedman_abyss_theft, nicolae_abyss_rune_star_stuff

Skill      XL: |  1  2  3  4  5  6  7  8  9 10 11 12 13 14 |
---------------+-------------------------------------------+-----
Stealth        | 3 4 5 |  5.7
Dodging        | 3 4 5 6 7 8 9 11 13 14 15 | 15.8
Spellcasting   | 3 4 5 6 7 8 9 10 11 | 11.4
Fighting       | 1 2 3 4 5 6 8 9 11 12 | 12.1
Summonings     | 5 6 7 8 9 10 11 12 | 12.0
Fire Magic     | 1 2 3 4 5 |  5.0
Air Magic      | 1 2 4 5 6 7 |  7.0
Translocations | 5 |  5.0
Hexes          | 3 6 |  6.1

Action                     |  1- 3 |  4- 6 |  7- 9 | 10-12 | 13-15 || total
---------------------------+-------+-------+-------+-------+-------++-------
  Melee: Unarmed           |    18 |    19 |    26 |    71 |    61 ||   195
         Bite              |       |       |     5 |    18 |    12 ||    35
         Punch             |       |       |     2 |       |       ||     2
   Cast: Summon Small Mamm |    25 |    21 |    27 |    38 |    45 ||   156
         Call Imp          |    17 |    15 |    21 |    31 |    38 ||   122
         Call Canine Famil |     5 |    21 |    20 |    24 |    41 ||   111
         Summon Blazeheart |       |     1 |    18 |    51 |    70 ||   140
         Summon Lightning  |       |       |    25 |    64 |   112 ||   201
         Tukima's Dance    |       |       |       |       |     2 ||     2
  Evoke: Wand              |       |       |     4 |     4 |     2 ||    10
    Use: Scroll            |       |     5 |    10 |     5 |    15 ||    35
         Potion            |       |       |     2 |     2 |     3 ||     7
   Stab: Sleeping          |     1 |       |       |       |       ||     1
         Paralysed         |       |       |     2 |       |       ||     2
         Distracted        |       |       |       |       |     5 ||     5
 Armour: Skin              |     8 |     4 |    18 |    59 |    92 ||   181
  Dodge: Dodged            |    21 |    30 |    56 |   158 |   245 ||   510
  Block: Other             |     5 |     6 |    11 |    42 |    46 ||   110
         Reflection        |       |     1 |       |     2 |     2 ||     5

Table legend: (Time is in decaauts)
 A = Elapsed time spent in this place.
 B = Non-inter-level travel time spent in this place.
 C = Inter-level travel time spent in this place.
 D = Time resting spent in this place.
 E = Time spent auto-exploring this place.
 F = Levels seen in this place.
 G = Mean time per level.
                   A        B        C        D        E       F      G
               +--------+--------+--------+--------+--------+-----+--------+
         Total |  29059 |  28431 |    628 |   9047 |  12087 |  22 | 1320.9 |
       Dungeon |  17133 |  16829 |    304 |   4626 |   8288 |  13 | 1317.9 |
        Temple |     10 |      5 |      5 |      0 |      0 |   1 |   10.0 |
          Lair |  10589 |  10271 |    318 |   4073 |   3672 |   5 | 2117.8 |
         Abyss |    600 |    600 |      0 |     69 |     45 |   2 |  300.0 |
        Bailey |    726 |    726 |      0 |    279 |     82 |   1 |  726.0 |
               +--------+--------+--------+--------+--------+-----+--------+

Top non-repeatable levels by time:
  Lair:5: 4709 daAuts
    D:11: 2339 daAuts
    D:12: 2027 daAuts
  Lair:4: 1807 daAuts
  Lair:2: 1658 daAuts
     D:7: 1583 daAuts
     D:9: 1448 daAuts
     D:5: 1315 daAuts
  Lair:1: 1221 daAuts
     D:4: 1207 daAuts
  Lair:3: 1192 daAuts
     D:1: 1164 daAuts
     D:8: 1163 daAuts
     D:6: 1030 daAuts
    D:13: 1011 daAuts
